 Dungeon Crawl Stone Soup version 0.18-a0-1800-gdc7a371 (webtiles) character file.

54 M4edhros the Grave Robber (level 3, -11/21 HPs)
             Began as an Octopode Necromancer on Apr 24, 2016.
             Mangled by an ogre
             ... wielding a +0 giant club
              (32 damage)
             ... on level 4 of the Dungeon.
             The game lasted 00:03:49 (848 turns).

M4edhros the Grave Robber (Octopode Necromancer)     Turns: 848, Time: 00:03:50

Health: -11/21     AC:  1    Str:  7    XL:     3   Next: 91%
Magic:  6/6        EV: 12    Int: 17    God:
Gold:   50         SH:  0    Dex: 13    Spells: 2 memorised, 2 levels left

rFire  + . .     SeeInvis .     c - +3 short sword
rCold  + . .     Gourm    .     (no shield)
rNeg   . . .     Faith    .     (helmet restricted)
rPois  +         Spirit   .     (no amulet)
rElec  +         Dismiss  .     (no ring)
rCorr  +         Reflect  .     (no ring)
SustAt .         Harm     .     (no ring)
MR     .....                    (no ring)
Stlth  +++.......               (no ring)
                                (no ring)
                                (no ring)
                                (no ring)

@: resistant, very slightly contaminated, invisible, not resistant to hostile
enchantments, fairly stealthy
A: almost no armour, amphibious, 8 rings, constrict 8, camouflage 1, gelatinous
body 1
a: no special abilities


You were on level 4 of the Dungeon.
You were not hungry.

You visited 1 branch of the dungeon, and saw 4 of its levels.

You collected 50 gold pieces.

Inventory:

Hand Weapons
 c - a +3 short sword (weapon)
Missiles
 d - 36 stones (quivered)
 e - 14 poisoned needles
 f - 6 javelins of penetration
Scrolls
 g - 4 scrolls of identify {unknown}
 i - a scroll of recharging {unknown}
Potions
 l - a potion of invisibility
 m - a potion of curing {unknown}
 n - a potion of mutation {unknown}
 o - a potion of magic {unknown}
Books
 a - a book of Necromancy

   Spells                             Type                      Level
   a - Pain                           Necromancy                   1
   b - Animate Skeleton               Necromancy                   1
   c - Vampiric Draining              Necromancy                   3
   d - Regeneration                   Charms/Necromancy            3
   e - Animate Dead                   Necromancy                   4
   f - Control Undead                 Necromancy                   4
Comestibles
 b - 2 bread rations
 h - a beef jerky
 k - 2 chunks of flesh


   Skills:
 - Level 2.0 Dodging
 - Level 2.6 Stealth
 + Level 3.3 Unarmed Combat
 - Level 2.0 Spellcasting
 - Level 4.0 Necromancy


You had 2 spell levels left.
You knew the following spells:

 Your Spells              Type           Power        Failure   Level  Hunger
a - Pain                  Necr           ###.         3%          1    #......
b - Regeneration          Chrm/Necr      #.........   24%         3    ###....


Dungeon Overview and Level Annotations

Branches:
Dungeon (4/15)
 Temple: D:4-7

Altars:
Ashenzari
Elyvilon

Annotations:
D:4 Dowan, Duvessa


Innate Abilities, Weirdness & Mutations

You cannot wear most types of armour.
You are amphibious.
You can wear up to eight rings at the same time.
You can use your tentacles to constrict eight enemies at once.
Your skin changes colour to match your surroundings (Stealth).
Your rubbery body absorbs attacks (AC +1).


Message History

An ogre comes into view. It is wielding a giant club.
The helpless ogre fails to defend itself.
You puncture the ogre!
The ogre is moderately wounded.
The ogre closely misses you.
Drink which item? (? for menu, Esc to quit)
Okay, then.
Drink which item? (? for menu, Esc to quit)
It was a potion of resistance.
You feel protected. The ogre barely misses you.
Drink which item? (? for menu, Esc to quit)
It was a potion of invisibility.
You fade into invisibility!
You are very lightly contaminated with residual magic.
You barely miss the ogre.
The ogre is moderately wounded.
The ogre hits you with a giant club!!
Ouch! That really hurt!
You die...

#....#
#....#
#....#
#....#
#....#
#....#####
#..<.....#
#........#
#..<.##@.#
#######O.#
#..# #..#
...# ...#
####


You could see an ogre.

Vanquished Creatures
  2 adders
  2 dart slugs
  3 giant geckos
  An orc (D:3)
  A giant cockroach (D:2)
  4 goblins
  5 hobgoblins
  3 kobolds
  2 bats (D:1)
  A giant newt (D:2)
  A rat (D:1)
25 creatures vanquished.

Notes
Turn   | Place    | Note
--------------------------------------------------------------
     0 | D:1      | M4edhros the Octopode Necromancer began the quest for the Orb.
     0 | D:1      | Reached XP level 1. HP: 11/11 MP: 3/3
    99 | D:1      | Reached skill level 1 in Unarmed Combat
   151 | D:1      | Reached XP level 2. HP: 8/17 MP: 0/5
   420 | D:2      | Found a shattered altar of Ashenzari.
   458 | D:2      | Reached XP level 3. HP: 21/21 MP: 4/6
   465 | D:2      | Learned a level 3 spell: Regeneration
   574 | D:2      | Found a white marble altar of Elyvilon.
   609 | D:4      | Noticed Duvessa
   609 | D:4      | Noticed Dowan
   842 | D:4      | Noticed an ogre
   848 | D:4      | Mangled by an ogre

Vault maps used:
D:1:      dpeg_arrival_pond
D:2:      lemuel_upstairs_altar, lemuel_crystal_altar, uniq_crazy_yiuf_cottage
D:3:      bloody_trog, grunt_temple_overflow_diamond, first_bread
D:4:      serial_shops, nicolae_shop_statue_plus, uniq_eustachio, uniq_natasha,
          uniq_duvessa

Skill      XL: |  1  2  3 |
---------------+----------+-----
Unarmed Combat | 1 2 3 |  3.3
Dodging        | |  2.0
Stealth        | |  2.6
Spellcasting   | |  2.0
Necromancy     | |  4.0

Action                   || total
-------------------------++-------
Melee: Short sword       ||    28
       Constrict         ||     6
       Tentacles         ||     2
 Cast: Pain              ||    24
       Regeneration      ||     1
  Use: Potion            ||     3
       Scroll            ||     1
 Stab: Sleeping          ||     5
Armor: Skin              ||     2
Dodge: Dodged            ||    15
